[Event "Late-Titled-Tuesday-Blitz-September-19-2023"]
[Site "Chess.com"]
[Date "2023.09.19"]
[Round "5"]
[White "Sina_Movahed"]
[Black "Abund"]
[Result "1-0"]
[WhiteElo "2982"]
[BlackElo "2772"]
[TimeControl "180+1"]
[EndTime "14:49:57 PDT"]
[Termination "Sina_Movahed won by resignation"]

1. e4 e5 2. Nf3 Nc6 3. Bb5 Nf6 4. O-O Nxe4 5. Re1 Nd6 6. Nxe5 Be7 7. Bd3 Nxe5 8.
Rxe5 O-O 9. Nc3 Ne8 10. b3 c6 11. Bb2 d5 12. Qh5 g6 13. Nxd5 Qxd5 14. Qh6 Bf6 15.
Rxe8 Qd6 16. Bxf6 Qxh2+ 17. Kxh2 1-0

[Event "Late-Titled-Tuesday-Blitz-September-19-2023"]
[Site "Chess.com"]
[Date "2023.09.19"]
[Round "5"]
[White "Tonychess32"]
[Black "jk13"]
[Result "0-1"]
[WhiteElo "2501"]
[BlackElo "2639"]
[TimeControl "180+1"]
[EndTime "14:50:02 PDT"]
[Termination "jk13 won by resignation"]

1. e4 e5 2. Bc4 Nf6 3. d3 Nc6 4. Nf3 Bc5 5. O-O O-O 6. c3 d5 7. exd5 Nxd5 8. Re1 Bg4 9. h3 Bh5 10. Nbd2 Nb6 11. Bb5 Re8 12. Bxc6 bxc6 13. g4 Bg6 14.
Nxe5 Bxd3 15. Qf3 Bg6 16. Nb3 Bd6 17. Nxc6 Rxe1+ 18. Kg2 Be4 19. Nxd8 Bxf3+ 20. Kxf3 Rxd8 21. Bg5 Rxa1 22. Bxd8 Rxa2 0-1

[Event "Late-Titled-Tuesday-Blitz-September-19-2023"]
[Site "Chess.com"]
[Date "2023.09.19"]
[Round "5"]
[White "ilya2700"]
[Black "Der_Honigdachs"]
[Result "0-1"]
[WhiteElo "2297"]
[BlackElo "2522"]
[TimeControl "180+1"]
[EndTime "14:50:16 PDT"]
[Termination "Der_Honigdachs won by resignation"]

1. c4 g6 2. d4 Nf6 3. Nc3 d5 4. Nf3 Bg7 5. h4 c5 6. cxd5 Nxd5 7. h5 Nc6 8. Nxd5 Qxd5 9. hxg6 hxg6 10. Rxh8+ Bxh8 11.
dxc5 Qxc5 12. Qa4 Qb4+ 13. Qxb4 Nxb4 14. Kd2 Bf5 15. Ne1 O-O-O+ 16. Ke3 Rd1 17. a3 Nd5+ 18. Kf3 Rxe1 19. Bd2 Rxa1 0-1

[Event "Late-Titled-Tuesday-Blitz-September-19-2023"]
[Site "Chess.com"]
[Date "2023.09.19"]
[Round "5"]
[White "Levanzovsky"]
[Black "sergeikim"]
[Result "0-1"]
[WhiteElo "2466"]
[BlackElo "2598"]
[TimeControl "180+1"]
[EndTime "14:50:34 PDT"]
[Termination "sergeikim won by resignation"]

1. e4 e5 2. Nf3 Nc6 3. Nc3 Nf6 4. d4 exd4 5. Nxd4 Bb4 6. Nxc6 bxc6 7. Bd3 d5 8. Bd2 O-O 9. O-O h6 10. Nxd5 Nxd5 11.
exd5 Bxd2 12. Qxd2 cxd5 13. Rad1 c6 14. c4 Be6 15.
cxd5 Bxd5 16. b3 Qh4 17. Qc2 Rad8 18. g3 Qg4 19. f3 Bxf3 20. Bf5 Bxd1 0-1

[Event "Late-Titled-Tuesday-Blitz-September-19-2023"]
[Site "Chess.com"]
[Date "2023.09.19"]
[Round "5"]
[White "GlavkonVVS"]
[Black "2346PL"]
[Result "1-0"]
[WhiteElo "2601"]
[BlackElo "2474"]
[TimeControl "180+1"]
[EndTime "14:50:35 PDT"]
[Termination "GlavkonVVS won by resignation"]

1. Nf3 d6 2. g3 e5 3. d3 f5 4. Bg2 Nf6 5. c4 g6 6. Nc3 Bg7 7. Rb1 a5 8. a3 O-O 9. O-O Nh5 10. Bg5 Qd7 11. Bd2 h6 12. e3 Qf7 13. Nh4 c6 14. f4 g5 15. fxg5 hxg5 16. Nxf5 Bxf5 17. e4 Bg6 18. Rxf7 Rxf7 19. Bxg5 Nd7 20. Qe2 Raf8 21. Rf1 Rxf1+ 22. Bxf1 Nc5 23. Bh3 Kh7 24.
Be7 Re8 25. Bxd6 Ne6 26. Bf5 Bh6 27. Qxh5 1-0

[Event "Late-Titled-Tuesday-Blitz-September-19-2023"]
[Site "Chess.com"]
[Date "2023.09.19"]
[Round "5"]
[White "Jarming"]
[Black "szachmistrz2500"]
[Result "1-0"]
[WhiteElo "2731"]
[BlackElo "2502"]
[TimeControl "180+1"]
[EndTime "14:51:39 PDT"]
[Termination "Jarming won by resignation"]

1. d4 Nf6 2. c4 e6 3. Nf3 b6 4. g3 Bb7 5. Bg2 Bb4+ 6. Bd2 Qe7 7. O-O O-O 8. Nc3 Bxc3 9. Bxc3 Ne4 10. Rc1 Nxc3 11. Rxc3 d6 12. a3 Nd7 13. b4 a5 14.
Qc2 axb4 15. axb4 f5 16. d5 e5 17. Qb2 Ra7 18. Ra1 Rfa8 19. Rca3 Rxa3 20. Rxa3 b5 21. Nd2 Nb6 22. c5 Rxa3 23. Qxa3 Nxd5 24. Qa7 c6 25. cxd6 Qd7 26. Nb3 Bc8 27. Qxd7 Bxd7 28. Bxd5+ cxd5 29. Nc5 Bc6 30. d7 1-0

[Event "Late-Titled-Tuesday-Blitz-September-19-2023"]
[Site "Chess.com"]
[Date "2023.09.19"]
[Round "5"]
[White "fyall777"]
[Black "Balla_Tamas"]
[Result "1-0"]
[WhiteElo "2561"]
[BlackElo "2423"]
[TimeControl "180+1"]
[EndTime "14:51:40 PDT"]
[Termination "fyall777 won by resignation"]

1. e4 c5 2. Nf3 Nc6 3. d4 cxd4 4. Nxd4 e5 5. Nf5 d5 6. exd5 Bxf5 7. dxc6 Qxd1+ 8. Kxd1 bxc6 9. Bd3 Bxd3 10. cxd3 Nf6 11.
Nc3 Nd5 12. Be3 Bb4 13. Rc1 Bxc3 14. bxc3 Ke7 15. c4 Nxe3+ 16. fxe3 Rab8 17. Kc2 Kd6 18. Rb1 f6 19. Rb3 Rb6 20. d4 exd4 21. exd4 Rxb3 22. axb3 Re8 23. Kd3 Re7 24. Ra1 f5 25. Ra6 f4 26.
d5 Re3+ 27. Kd4 Rxb3 28. Rxc6+ Kd7 29. Ra6 Rb2 30. Rxa7+ Ke8 31. Rxg7 h5 32. c5 Rb1 33.
c6 Kd8 34. d6 1-0

[Event "Late-Titled-Tuesday-Blitz-September-19-2023"]
[Site "Chess.com"]
[Date "2023.09.19"]
[Round "5"]
[White "arminmusovic"]
[Black "picturesquecheck"]
[Result "0-1"]
[WhiteElo "2519"]
[BlackElo "2377"]
[TimeControl "180+1"]
[EndTime "14:51:40 PDT"]
[Termination "picturesquecheck won by checkmate"]

1. e4 e5 2. Nf3 Nc6 3. Nc3 Nf6 4. a3 d5 5. Bb5 Nxe4 6. Qe2 Nxc3 7. Qxe5+ Qe7 8.
dxc3 Bd7 9. Qxe7+ Bxe7 10. Bf4 O-O-O 11. O-O-O Bg4 12. Bxc6 bxc6 13. Rde1 Bf6 14. Ne5 Bxe5 15. Bxe5 Rhg8 16. Bd4 Kb7 17. Re7 Be6 18. Re1 g6 19. f4 Rge8 20. Rxe8 Rxe8 21. Kd2 Rd8 22. a4 h5 23. b4 a6 24. h3 Re8 25. Rg1 Bd7 26. g4 hxg4 27. hxg4 Re4 28. Be3 Re8 29. g5 Rh8 30.
Rg2 Rh3 31. Bd4 Bf5 32. Re2 Be6 33. Be5 Rh1 34. a5 c5 35. bxc5 Kc6 36. c4 dxc4 37. Kc3 Ra1 38. Kb4 Rb1+ 39. Kc3 Rb5 40. Bd4 Rxa5 41.
Rh2 Ra3+ 42. Kb2 Rf3 43. Be5 Kxc5 44. Bxc7 c3+ 45. Ka3 Kc4 46. Be5 Rf1 47. Ka2 Kb4# 0-1

[Event "Late-Titled-Tuesday-Blitz-September-19-2023"]
[Site "Chess.com"]
[Date "2023.09.19"]
[Round "5"]
[White "Mops_2004"]
[Black "angelgab3"]
[Result "1-0"]
[WhiteElo "2803"]
[BlackElo "2577"]
[TimeControl "180+1"]
[EndTime "14:51:41 PDT"]
[Termination "Mops_2004 won by resignation"]

1. g3 Nf6 2. Bg2 d5 3. Nf3 c5 4.
O-O Nc6 5. d3 e5 6. e4 d4 7. a4 Be7 8. Na3 Be6 9. Ng5 Bg4 10.
f3 Bh5 11. h4 h6 12. Nh3 Nd7 13. Bd2 b6 14. Nf2 g5 15. hxg5 hxg5 16. Bh3 Nf8 17. Kg2 Bg6 18. Rh1 Rh7 19. Bf5 Rxh1 20. Qxh1 Qc7 21.
Qh3 Bxf5 22. Qxf5 Ne6 23. Rh1 Ncd8 24. Nc4 f6 25. Ng4 1-0

[Event "Late-Titled-Tuesday-Blitz-September-19-2023"]
[Site "Chess.com"]
[Date "2023.09.19"]
[Round "5"]
[White "ValeriyGrinev"]
[Black "ATM622"]
[Result "0-1"]
[WhiteElo "2555"]
[BlackElo "2465"]
[TimeControl "180+1"]
[EndTime "14:51:45 PDT"]
[Termination "ATM622 won by resignation"]

1. e4 c6 2. d4 d5 3. e5 c5 4. dxc5 e6 5. a3 Bxc5 6. b4 Bb6 7. Nf3 Ne7 8. Bb2 O-O 9. Bd3 f5 10. exf6 gxf6 11. c4 dxc4 12. Bxc4 Qxd1+ 13. Kxd1 Bxf2 14. Nbd2 Nbc6 15. Ne4 Rd8+ 16. Ke2 Bd4 17. Nxf6+ Kf7 18. Nxd4 Nxd4+ 19. Kd3 Nb3+ 20. Ke4 Nxa1 21. Rxa1 b5 22.
Bxb5 Bb7+ 23. Ke3 Bxg2 24. Nxh7 Nf5+ 25. Kf2 Rd2+ 26. Be2 Rxb2 27. Ng5+ Kf6 28. Re1 Kxg5 29. Kxg2 Kf4 30. Kh1 Ne3 31. Bb5 Rh8 32. Bc6 Rhxh2+ 33. Kg1 e5 34. b5 e4 35. Re2 Rbxe2 0-1

[Event "Late-Titled-Tuesday-Blitz-September-19-2023"]
[Site "Chess.com"]
[Date "2023.09.19"]
[Round "5"]
[White "emeli_chess"]
[Black "martinez_95"]
[Result "1-0"]
[WhiteElo "2358"]
[BlackElo "2189"]
[TimeControl "180+1"]
[EndTime "14:51:46 PDT"]
[Termination "emeli_chess won by resignation"]

1. d4 d5 2. c4 e5 3. dxe5 Ne7 4. Nf3 Nbc6 5. e3 Be6 6. Nbd2 h6 7. Be2 g5 8. O-O Bg7 9. Nd4 Qd7 10. Nxe6 Qxe6 11. f4 O-O-O 12. Bg4 Nf5 13. cxd5 Rxd5 14. e4 Ncd4 15.
exd5 Qb6 16. Kh1 h5 17. Bxf5+ Nxf5 18. Nf3 h4 19. Nxg5 f6 20. Nh3 1-0

[Event "Late-Titled-Tuesday-Blitz-September-19-2023"]
[Site "Chess.com"]
[Date "2023.09.19"]
[Round "5"]
[White "Emp3rador"]
[Black "DefiantChair"]
[Result "1-0"]
[WhiteElo "2493"]
[BlackElo "2587"]
[TimeControl "180+1"]
[EndTime "14:51:48 PDT"]
[Termination "Emp3rador won by resignation"]

1. e4 c5 2. Nf3 d6 3. Bb5+ Nd7 4. d4 cxd4 5. Qxd4 a6 6. Bxd7+ Bxd7 7. Nc3 h6 8. e5 Bc6 9. exd6 e6 10. Bf4 Nf6 11.
O-O-O Bxf3 12. gxf3 Qd7 13. Be5 Rd8 14. Bxf6 gxf6 15. Qxf6 Rg8 16. Ne4 Bg7 17. Rhg1 Kf8 18. Rxg7 Rxg7 19. Qxh6 f5 20. Nf6 Qf7 21. Rg1 Rxd6 22.
Qh8+ 1-0

[Event "Late-Titled-Tuesday-Blitz-September-19-2023"]
[Site "Chess.com"]
[Date "2023.09.19"]
[Round "5"]
[White "traack"]
[Black "Djager97"]
[Result "0-1"]
[WhiteElo "2366"]
[BlackElo "2538"]
[TimeControl "180+1"]
[EndTime "14:51:51 PDT"]
[Termination "Djager97 won by checkmate"]

1. e4 e5 2. Nf3 Nc6 3. Bb5 a6 4. Ba4 Nf6 5. O-O b5 6. Bb3 Bc5 7. Re1 d6 8. c3 O-O 9. h3 Bb6 10.
d3 Ne7 11. Bg5 Ng6 12. Nbd2 h6 13. Be3 c5 14. a4 Bb7 15. axb5 axb5 16. Rxa8 Bxa8 17.
Qc2 d5 18. exd5 Nxd5 19. Bxd5 Bxd5 20. c4 bxc4 21. Nxc4 Bxf3 22. gxf3 Bc7 23. Bxc5 Nf4 24. Re4 Qg5+ 25. Kf1 Qg2+ 26. Ke1 Ra8 27. Na3 Qxf3 28. Be3 Ba5+ 29. Bd2 Nxd3+ 30. Kf1 Qxf2# 0-1

[Event "Late-Titled-Tuesday-Blitz-September-19-2023"]
[Site "Chess.com"]
[Date "2023.09.19"]
[Round "5"]
[White "Goryachkina"]
[Black "Dacean99"]
[Result "1-0"]
[WhiteElo "2677"]
[BlackElo "2498"]
[TimeControl "180+1"]
[EndTime "14:51:52 PDT"]
[Termination "Goryachkina won by resignation"]

1. e4 d6 2. d4 Nf6 3. Nc3 g6 4.
Be3 a6 5. Nf3 b5 6. e5 Ng4 7.
Bd3 dxe5 8. Nxe5 Nxe3 9. fxe3 Bg7 10. Qf3 Bxe5 11. Qxa8 Bd6 12. Qxb8 O-O 13. O-O-O Qd7 14. Ne4 Bb4 15. a3 Ba5 16. Nc5 Qc6 17. Be4 Qf6 18.
Qa8 Qg5 19. Qd5 Qxe3+ 20. Kb1 e6 21. Qb3 Qg5 22. h4 Qh6 23. h5 gxh5 24. Qf3 f5 25. Bd3 Qg7 26. Rxh5 Qxd4 27. Nb3 Qb6 28. Rdh1 Rf7 29. Nxa5 Qxa5 30. Qa8 Rf8 31. Rxh7 1-0

[Event "Late-Titled-Tuesday-Blitz-September-19-2023"]
[Site "Chess.com"]
[Date "2023.09.19"]
[Round "5"]
[White "HalfIsCrayfish"]
[Black "maciek_92"]
[Result "0-1"]
[WhiteElo "2563"]
[BlackElo "2735"]
[TimeControl "180+1"]
[EndTime "14:51:55 PDT"]
[Termination "maciek_92 won by resignation"]

1. e4 c5 2. Nc3 Nc6 3. Bb5 Nd4 4.
Nf3 e6 5. O-O a6 6. Bd3 Nc6 7. b3 g6 8. Bb2 Bg7 9. Re1 Nge7 10. e5 d5 11. exd6 Nf5 12. Bxf5 gxf5 13. Na4 Bxb2 14. Nxb2 Qxd6 15. Nc4 Qc7 16. Nfe5 b5 17.
Nxc6 Qxc6 18. Ne5 Qc7 19. Qh5 Bb7 20. Nxf7 O-O 21. Nh6+ Kh8 22. Rxe6 Qg7 0-1

[Event "Late-Titled-Tuesday-Blitz-September-19-2023"]
[Site "Chess.com"]
[Date "2023.09.19"]
[Round "5"]
[White "Road2GM3000"]
[Black "Defenstrator"]
[Result "0-1"]
[WhiteElo "2478"]
[BlackElo "2344"]
[TimeControl "180+1"]
[EndTime "14:51:59 PDT"]
[Termination "Defenstrator won by resignation"]

1. d4 h5 2. c4 a5 3. Nc3 h4 4. e4 d6 5. Bd3 e5 6. Nf3 h3 7.
g3 Bg4 8. dxe5 dxe5 9. Be2 Qxd1+ 10. Nxd1 Bb4+ 11. Bd2 Nc6 12. Ne3 Bxf3 13. Bxf3 Nd4 14. Bd1 Bxd2+ 15. Kxd2 Nf6 16. Nd5 Nxd5 17. cxd5 c6 18.
dxc6 bxc6 19. Ba4 Ke7 20. Rac1 Rhd8 21. Ke3 Rab8 22. b3 f5 23. Rc5 f4+ 24. gxf4 exf4+ 25. Kd3 Nxb3+ 26. Kc4 Rb4+ 27. Kc3 Nxc5 28. Rg1 Nxa4+ 0-1

[Event "Late-Titled-Tuesday-Blitz-September-19-2023"]
[Site "Chess.com"]
[Date "2023.09.19"]
[Round "5"]
[White "KVAIDAN"]
[Black "RIPOL"]
[Result "0-1"]
[WhiteElo "2254"]
[BlackElo "2421"]
[TimeControl "180+1"]
[EndTime "14:52:00 PDT"]
[Termination "RIPOL won by resignation"]

1. f4 d5 2. Nf3 c6 3. e3 Bg4 4. b3 Nd7 5. Be2 Qc7 6. Bb2 Bxf3 7. O-O Bxe2 8. Qxe2 e5 9. d3 Ngf6 10. fxe5 Nxe5 11. e4 dxe4 12. Nd2 O-O-O 13. Rf5 Ng6 14. Nc4 exd3 15. Raf1 0-1

[Event "Late-Titled-Tuesday-Blitz-September-19-2023"]
[Site "Chess.com"]
[Date "2023.09.19"]
[Round "5"]
[White "YEIKO2017"]
[Black "MergenKakabaev"]
[Result "1-0"]
[WhiteElo "2478"]
[BlackElo "2660"]
[TimeControl "180+1"]
[EndTime "14:52:06 PDT"]
[Termination "YEIKO2017 won by resignation"]

1. e4 e6 2. Nf3 d5 3. e5 c5 4. b4 cxb4 5. d4 Nc6 6. a3 bxa3 7. c3 Bd7 8. Bd3 a6 9. Bxa3 Bxa3 10.
Nxa3 b5 11. Nc2 Nge7 12. Ne3 Na5 13. Nd2 Nc4 14. Qg4 O-O 15. Nb3 Qb6 16. Nc5 Nxe5 17. Bxh7+ Kxh7 18. Qh5+ Kg8 19. Qxe5 Bc6 20. h4 Qb8 21. Qg5 f6 22. Qg4 e5 23. h5 Qc8 24.
Ne6 Rf7 25. h6 g6 26. h7+ Rxh7 27. Rxh7 Kxh7 28. Qh4+ Kg8 29. Qxf6 1-0

[Event "Late-Titled-Tuesday-Blitz-September-19-2023"]
[Site "Chess.com"]
[Date "2023.09.19"]
[Round "5"]
[White "nitpicker"]
[Black "Botvinnak"]
[Result "0-1"]
[WhiteElo "2225"]
[BlackElo "2334"]
[TimeControl "180+1"]
[EndTime "14:52:10 PDT"]
[Termination "Botvinnak won on time"]

1. d4 Nf6 2. c4 c5 3. d5 g6 4. Nc3 Bg7 5. Nf3 d6 6. g3 O-O 7. Bg2 e6 8. O-O exd5 9. cxd5 a6 10. a4 Nbd7 11. Nd2 Re8 12. h3 Rb8 13. a5 Qc7 14.
Kh2 c4 15. e4 Ne5 16. Ra4 Bd7 17. Ra3 Nd3 18. f4 Bb5 19. Nf3 Nd7 20. Nxb5 axb5 21.
Rxd3 cxd3 22. Qxd3 Qxa5 23. Bd2 Qa4 24. Bc3 Nc5 25.
Qb1 Qxe4 26. Qxe4 Rxe4 27. Bxg7 Kxg7 28. Ng5 Re2 29. f5 gxf5 30. Rxf5 f6 31. Nf3 Rbe8 32. b4 Nd3 33. Nd4 Rb2 34. g4 Re3 35. Rf3 Rxf3 0-1

[Event "Late-Titled-Tuesday-Blitz-September-19-2023"]
[Site "Chess.com"]
[Date "2023.09.19"]
[Round "5"]
[White "Francisco_Ferrari"]
[Black "mac0504"]
[Result "0-1"]
[WhiteElo "2366"]
[BlackElo "2576"]
[TimeControl "180+1"]
[EndTime "14:52:15 PDT"]
[Termination "mac0504 won by resignation"]

1. e4 c6 2. d4 g6 3. c4 d5 4.
cxd5 cxd5 5. e5 Nc6 6. Nc3 f6 7.
exf6 Nxf6 8. Nf3 Bg7 9. h3 O-O 10. Bb5 Bf5 11. O-O Ne4 12. Re1 Nxf2 13. Kxf2 Nxd4 14.
Kg1 Nc2 15. Bg5 Nxe1 16. Qxe1 Qb6+ 17. Kh1 Bxc3 18. Qxc3 Qxb5 19. Bxe7 Rf7 20. Bg5 Rc8 21. Bf4 Rxc3 0-1

[Event "Late-Titled-Tuesday-Blitz-September-19-2023"]
[Site "Chess.com"]
[Date "2023.09.19"]
[Round "5"]
[White "PawnEatingZombie"]
[Black "IngOscarArdila"]
[Result "0-1"]
[WhiteElo "2191"]
[BlackElo "2304"]
[TimeControl "180+1"]
[EndTime "14:52:17 PDT"]
[Termination "IngOscarArdila won by resignation"]

1. e4 e5 2. Nf3 Nf6 3. Nc3 Nc6 4. d4 exd4 5. Nxd4 Bb4 6. Nxc6 bxc6 7. Bd3 d5 8. exd5 cxd5 9. O-O O-O 10. h3 c6 11. Qf3 Bd6 12. Re1 Bd7 13. Bf4 Bxf4 14. Qxf4 Qb8 15. Qxb8 Raxb8 16. b3 Rfe8 17. Na4 Rxe1+ 18.
Rxe1 Re8 19. Kf1 Kf8 20. Rd1 Ke7 21. c4 Be6 22. Nc5 Kd6 23. Nxe6 fxe6 24. cxd5 cxd5 25.
f4 Rc8 26. Ke2 a5 27. g4 h6 28. Kd2 e5 29. fxe5+ Kxe5 30. Bf5 Rc7 31. Re1+ Kf4 32.
Re6 Ne4+ 33. Bxe4 dxe4 34. Ra6 e3+ 35. Kd3 Rd7+ 36. Ke2 Rd2+ 37. Ke1 Rxa2 38. Rg6 Kf3 0-1

[Event "Late-Titled-Tuesday-Blitz-September-19-2023"]
[Site "Chess.com"]
[Date "2023.09.19"]
[Round "5"]
[White "Msb2"]
[Black "hansen"]
[Result "1-0"]
[WhiteElo "3100"]
[BlackElo "2935"]
[TimeControl "180+1"]
[EndTime "14:52:22 PDT"]
[Termination "Msb2 won by resignation"]

1. d4 Nf6 2. c4 g6 3. Nc3 d5 4. cxd5 Nxd5 5. e4 Nxc3 6. bxc3 Bg7 7. Nf3 c5 8. Bb5+ Nd7 9. O-O O-O 10. Re1 Qc7 11.
Bg5 Nb6 12. a4 Bg4 13. a5 Nc8 14. e5 a6 15. Bf1 e6 16. h3 Bxf3 17. Qxf3 Na7 18.
Bf6 Nc6 19. Rad1 cxd4 20. cxd4 Qxa5 21. h4 Nxd4 22. Rxd4 Qxe1 23. Bxg7 Kxg7 24. Qf6+ Kg8 25. h5 gxh5 26. Qg5+ Kh8 27. Qf6+ Kg8 28. Rd3 Rfc8 29.
Rg3+ Kf8 30. Rg7 Rc7 31. Rxh7 Ke8 32. Rh8+ Kd7 33. Qxf7+ Kc6 34. Qxe6+ 1-0

[Event "Late-Titled-Tuesday-Blitz-September-19-2023"]
[Site "Chess.com"]
[Date "2023.09.19"]
[Round "5"]
[White "Dewarfd"]
[Black "AsaHoffmann"]
[Result "0-1"]
[WhiteElo "2201"]
[BlackElo "2368"]
[TimeControl "180+1"]
[EndTime "14:52:27 PDT"]
[Termination "AsaHoffmann won by resignation"]

1. d4 Nf6 2. e3 d6 3. Nf3 Bf5 4. Bd3 Bg6 5. O-O Nbd7 6. c4 e5 7. dxe5 dxe5 8. Bxg6 hxg6 9. Nc3 c6 10.
a3 Qc7 11. e4 Nc5 12. Qc2 Rd8 13. Be3 Ne6 14. Rfd1 Ng4 15. Rxd8+ Qxd8 16. Rd1 Qc7 17.
Bxa7 b6 18. Qa4 Bc5 19. Rd2 Nd4 20. Nxd4 exd4 21. Bb8 Qxb8 22. Qxc6+ Kf8 23. f4 dxc3+ 24. Kf1 Qxf4+ 25. Ke2 Qxd2+ 26. Kf3 Ne5+ 0-1

[Event "Late-Titled-Tuesday-Blitz-September-19-2023"]
[Site "Chess.com"]
[Date "2023.09.19"]
[Round "5"]
[White "Mikasinski"]
[Black "rdarruda"]
[Result "1-0"]
[WhiteElo "2620"]
[BlackElo "2492"]
[TimeControl "180+1"]
[EndTime "14:52:36 PDT"]
[Termination "Mikasinski won by checkmate"]

1. e4 c5 2. Nf3 Nc6 3. d4 cxd4 4. Nxd4 e5 5. Nb5 a6 6. Nd6+ Bxd6 7. Qxd6 Qe7 8. Qd1 Nf6 9. Nc3 d6 10. Bg5 Be6 11.
Bxf6 Qxf6 12. Qxd6 Rd8 13. Qa3 Qg5 14. Rd1 Rxd1+ 15. Nxd1 Nd4 16. Qc5 Qe7 17. Qxe7+ Kxe7 18. Ne3 Bxa2 19. b3 Rc8 20. Bd3 a5 21. Kd2 a4 22.
bxa4 Be6 23. Rb1 Rc7 24. c3 Nc6 25. Rb5 f6 26. Rc5 Kd6 27. Rb5 Na7 28. Rb6+ Ke7 29. Nd5+ Bxd5 30. exd5 Nc8 31. Rb5 Nd6 32. Rb4 f5 33. f3 g6 34. c4 Rc5 35. Kc3 Kd7 36. Kb3 Kc7 37. Be2 b6 38. Kc3 Ra5 39. Kb3 Nb7 40. Ka3 Nc5 41. Bd1 Ra8 42. Rb5 e4 43.
fxe4 fxe4 44. Kb4 Rf8 45. a5 Nd3+ 46. Kc3 bxa5 47. c5 Rf1 48. Be2 Rc1+ 49. Kd4 a4 50. d6+ Kc6 51. Rb6+ Kd7 52. Rb7+ Kd8 53. Rb8+ Kd7 54.
Bg4+ Kc6 55. Rb6# 1-0

[Event "Late-Titled-Tuesday-Blitz-September-19-2023"]
[Site "Chess.com"]
[Date "2023.09.19"]
[Round "5"]
[White "lamomiajunior"]
[Black "FabianoCaruana"]
[Result "0-1"]
[WhiteElo "2649"]
[BlackElo "3045"]
[TimeControl "180+1"]
[EndTime "14:52:37 PDT"]
[Termination "FabianoCaruana won by resignation"]

1. d4 d5 2. Nc3 Nf6 3. Bf4 a6 4. e3 e6 5. g4 c5 6. g5 Nfd7 7. Nf3 Nc6 8. h4 b5 9. e4 Nb6 10. dxc5 Bxc5 11. exd5 exd5 12. Qe2+ Be6 13. O-O-O Qe7 14.
Ne5 Nxe5 15. Bxe5 O-O 16. Bg2 Rad8 17. Rhe1 b4 18. Nb1 Nc4 19. Bd4 Bd6 20. Qf3 Qc7 21. Be3 Be5 22. Bd4 Bf4+ 23. Be3 Bxe3+ 24. fxe3 Rc8 25. Re2 Ne5 26. Qf4 Bg4 27. Red2 Nd3+ 0-1

[Event "Late-Titled-Tuesday-Blitz-September-19-2023"]
[Site "Chess.com"]
[Date "2023.09.19"]
[Round "5"]
[White "DonJuanEGenaro"]
[Black "lluiss"]
[Result "0-1"]
[WhiteElo "1929"]
[BlackElo "2247"]
[TimeControl "180+1"]
[EndTime "14:52:39 PDT"]
[Termination "lluiss won on time"]

1. e4 c5 2. c3 d5 3. exd5 Qxd5 4. d4 Nf6 5. Nf3 Bg4 6. Be2 e6 7. Na3 Nc6 8. Nb5 Rc8 9. O-O a6 10. Na3 cxd4 11. cxd4 Bxa3 12. bxa3 O-O 13. Be3 Rfd8 14. Qb3 Qxb3 15. axb3 Nd5 16. Rfc1 Na5 17. Bc4 Nxe3 18. fxe3 Bxf3 19. gxf3 b5 20. Bd3 Nxb3 21. Rxc8 Rxc8 22. Rd1 g6 23. Kf2 Rc3 24. a4 bxa4 25. Bxa6 a3 26. e4 a2 27. d5 a1=Q 28. Rxa1 Nxa1 29.
d6 Kf8 0-1

[Event "Late-Titled-Tuesday-Blitz-September-19-2023"]
[Site "Chess.com"]
[Date "2023.09.19"]
[Round "5"]
[White "DvaHrasta"]
[Black "talaicito"]
[Result "1-0"]
[WhiteElo "2510"]
[BlackElo "2176"]
[TimeControl "180+1"]
[EndTime "14:52:40 PDT"]
[Termination "DvaHrasta won by resignation"]

1. c4 f5 2. g3 Nf6 3. Bg2 e6 4. Nc3 Bb4 5. Qb3 a5 6. a3 Bxc3 7. Qxc3 O-O 8. d3 d6 9. f4 Nc6 10. Nf3 Bd7 11. b3 Re8 12. Bb2 e5 13. fxe5 dxe5 14.
O-O-O Qe7 15. h3 Nh5 16. g4 Nf4 17. Bf1 Qc5 18. d4 exd4 19. Nxd4 Qe5 20. Nxf5 Qxc3+ 21. Bxc3 Bxf5 22. gxf5 Nxe2+ 23. Bxe2 Rxe2 24. Rd7 Re7 25. Rhd1 Rae8 26. f6 gxf6 27. Bxf6 Rf7 28. Rg1+ Kf8 29. Bg7+ Kg8 30. Bh6+ 1-0

[Event "Late-Titled-Tuesday-Blitz-September-19-2023"]
[Site "Chess.com"]
[Date "2023.09.19"]
[Round "5"]
[White "ChessSwole"]
[Black "ElDivis"]
[Result "1-0"]
[WhiteElo "2715"]
[BlackElo "2515"]
[TimeControl "180+1"]
[EndTime "14:52:47 PDT"]
[Termination "ChessSwole won by checkmate"]

1. d4 Nf6 2. c4 g6 3. Nc3 Bg7 4. e4 d6 5. Nf3 O-O 6. Be2 e5 7. d5 a5 8. Bg5 h6 9. Be3 Ng4 10. Bd2 f5 11. h3 Nf6 12. exf5 gxf5 13. Qc1 f4 14. Qc2 Na6 15. O-O-O Nb4 16. Qb1 e4 17.
Nd4 Nfxd5 18. Nxd5 Nxd5 19. Qxe4 Nb4 20. Bxb4 axb4 21. Bd3 Rxa2 22. Qh7+ Kf7 23. Bg6+ Kf6 24. Bh5 Rg8 25. Qg6+ Ke7 26. Qf7# 1-0

[Event "Late-Titled-Tuesday-Blitz-September-19-2023"]
[Site "Chess.com"]
[Date "2023.09.19"]
[Round "5"]
[White "davigator"]
[Black "TEREZANA"]
[Result "0-1"]
[WhiteElo "2327"]
[BlackElo "2498"]
[TimeControl "180+1"]
[EndTime "14:52:52 PDT"]
[Termination "TEREZANA won by resignation"]

1. e4 c6 2. d4 d5 3. e5 Bf5 4. h4 h5 5. c4 e6 6. Nc3 Bb4 7.
Bd3 Bxd3 8. Qxd3 c5 9. dxc5 Nc6 10. Nf3 d4 11. a3 Ba5 12. b4 dxc3 13. Qxc3 Bc7 14.
Bg5 Nge7 15. O-O Qb8 16. Rfe1 Ng6 17. Rad1 O-O 18. Rd6 Bxd6 19. exd6 Qc8 20. b5 Nb8 21. Qd4 Nd7 22. Be3 e5 23. Qd5 Nf6 24. Qd2 Qe6 25. Qb4 Rac8 26. g3 Nd7 27. Ng5 Qg4 28. Kh2 f6 29. f3 Qf5 30. c6 fxg5 31. cxd7 Qxd7 32.
hxg5 Rxf3 33. c5 h4 34. Qe4 Rxg3 0-1

[Event "Late-Titled-Tuesday-Blitz-September-19-2023"]
[Site "Chess.com"]
[Date "2023.09.19"]
[Round "5"]
[White "egnfanclub"]
[Black "canary2016"]
[Result "1-0"]
[WhiteElo "2352"]
[BlackElo "2137"]
[TimeControl "180+1"]
[EndTime "14:52:52 PDT"]
[Termination "egnfanclub won on time"]

1. e4 c5 2. Nc3 d6 3. f4 Nc6 4. Nf3 g6 5. Bc4 Bg7 6. O-O e6 7. d3 Nge7 8. Qe1 O-O 9. Bb3 Nd4 10. Nxd4 Bxd4+ 11. Kh1 Nc6 12. f5 exf5 13. Bh6 Bg7 14. Bf4 fxe4 15. dxe4 Nd4 16. Qg3 Nxb3 17. axb3 Be6 18.
Bxd6 Re8 19. Rad1 Qb6 20. Na4 Qb5 21. Nxc5 Bxb2 22. c4 Qb6 23. e5 Qc6 24. Qf2 Bc3 25. Nxe6 fxe6 26. Qf7+ Kh8 27. Qf6+ Kg8 28. Be7 Bxe5 29.
Qf7+ Kh8 30. Bf6+ Bxf6 31. Qxf6+ Kg8 32. Qf7+ Kh8 33. Rd7 1-0

[Event "Late-Titled-Tuesday-Blitz-September-19-2023"]
[Site "Chess.com"]
[Date "2023.09.19"]
[Round "5"]
[White "Rital44"]
[Black "RCone"]
[Result "1-0"]
[WhiteElo "2568"]
[BlackElo "2445"]
[TimeControl "180+1"]
[EndTime "14:52:53 PDT"]
[Termination "Rital44 won by resignation"]

1. Nf3 d6 2. d4 Nf6 3. Nc3 g6 4. Bg5 Bg7 5. Qd2 c6 6. h4 h5 7. e4 b5 8. a3 a5 9. Bd3 Bg4 10. Nh2 Qb6 11. Nxg4 Nxg4 12. d5 b4 13. axb4 axb4 14. Rxa8 bxc3 15. bxc3 O-O 16. O-O cxd5 17. exd5 Qc7 18. c4 Nd7 19. Rxf8+ Kxf8 20. Qe2 Ndf6 21. f3 Ne5 22. Kh1 Kg8 23. Ra1 Kh7 24. Ra4 Nfd7 25. Ra8 Nc5 26. Re8 f6 27. Bd2 Qd7 28. Ra8 Qa7 29.
Rxa7 1-0